 Dungeon Crawl Stone Soup version 0.22-a0-810-g93d1441 (webtiles) character file.

105626 zishaf the Blocker (level 15, -1/132 HPs)
             Began as a Deep Dwarf Fighter on July 22, 2018.
             Was the Champion of Makhleb.
             Slain by an emperor scorpion (11 damage)
             ... on level 3 of the Spider Nest.
             The game lasted 01:46:39 (24338 turns).

zishaf the Blocker (Deep Dwarf Fighter)            Turns: 24338, Time: 01:46:40

Health: -1/132     AC: 26    Str: 26    XL:     15   Next: 95%
Magic:  1/1        EV: 10    Int: 10    God:    Makhleb [******]
Gold:   1612       SH:  0    Dex: 11    Spells: 14/14 levels left

rFire    + + .     SeeInvis .   a - +7 great mace "Firestarter" {inner flame, rF++}
rCold    . . .     Gourm    .   (shield currently unavailable)
rNeg     + . .     Faith    .   U - +1 plate armour {rPois}
rPois    +         Spirit   .   (helmet restricted)
rElec    .         Reflect  .   g - scarf {repulsion}
rCorr    .         Harm     .   H - +1 pair of gloves
MR       +++..                  P - +2 pair of boots
Stlth    ..........             (no amulet)
HPRegen  0.00/turn              N - +4 ring of protection
MPRegen  0.07/turn              A - ring of protection from magic

@: lethally poisoned (-1 -> -49), non-regenerating, repel missiles
A: damage resistance, heal wounds, horns 1, blink, clumsy 1, frail 1, negative
energy resistance 1, sense surroundings 2, strong 1, subdued magic 1, no
regeneration
a: Heal Wounds, Blink, Minor Destruction, Lesser Servant of Makhleb, Major
Destruction, Greater Servant of Makhleb, Renounce Religion


You were on level 3 of the Spider Nest.
You worshipped Makhleb.
Makhleb was exalted by your worship.
You were not hungry.

You visited 4 branches of the dungeon, and saw 25 of its levels.

You collected 1612 gold pieces.

Inventory:

Hand Weapons
 a - the +7 great mace "Firestarter" (weapon) {inner flame, rF++}
   (You found it on level 3 of the Lair of Beasts)

   It has been specially enchanted to burn those struck by it, causing extra
   injury to most foes and up to half again as much damage against particularly
   susceptible opponents.
   It greatly protects you from fire.
 b - a +0 hand crossbow
Missiles
 X - 46 bolts
Armour
 g - a scarf of repulsion (worn)
 H - a +1 pair of gloves (worn)
 P - a +2 pair of boots (worn)
 S - a +1 helmet
 U - a +1 plate armour of poison resistance (worn)
Jewellery
 w - an uncursed ring of positive energy
 y - an uncursed ring of resist corrosion
 A - a ring of protection from magic (right hand)
 K - an uncursed ring of protection from cold
 N - a +4 ring of protection (left hand)
 O - an uncursed ring of magical power
 Q - an uncursed ring of flight
Wands
 x - a wand of flame (139)
 B - a wand of paralysis (13)
 G - a wand of enslavement (8)
 L - a wand of iceblast (33)
 M - a wand of acid (23)
 W - a wand of disintegration (31)
Scrolls
 e - 6 scrolls of blinking
 h - 4 scrolls of fear
 i - 11 scrolls of remove curse
 k - 5 scrolls of magic mapping
 m - a scroll of summoning
 n - 7 scrolls of enchant armour
 p - 2 scrolls of enchant weapon
 q - 3 scrolls of immolation {unknown}
 r - 3 scrolls of amnesia
 v - 10 scrolls of teleportation
 T - 2 scrolls of acquirement {unknown}
 Y - a scroll of fog {unknown}
 Z - a scroll of silence {unknown}
Potions
 d - 2 potions of might
 j - 4 potions of agility
 o - 7 potions of curing
 s - 3 potions of cancellation
 t - 2 potions of resistance
 u - a potion of magic
 C - 3 potions of mutation
 D - 7 potions of lignification
 F - 2 potions of haste
 I - a potion of brilliance
 J - 3 potions of flight
 R - 3 potions of heal wounds
Miscellaneous
 l - a phial of floods (inert)
 z - a sack of spiders
 V - a lamp of fire (inert)
Comestibles
 c - 2 chunks of flesh
 f - 52 rations


   Skills:
 * Level 13.0 Fighting
   Level 9.0(10.9) Axes
 + Level 9.4(10.6) Maces & Flails
 + Level 10.4 Crossbows
 - Level 11.0 Armour
 - Level 7.0 Dodging
   Level 14.0 Shields
 - Level 12.0 Invocations
 - Level 9.0 Evocations


You had 14 spell levels left.
You didn't know any spells.
Your spell library contained the following spells:

 Spells                   Type           Power        Failure   Level  Hunger
 Fireball                 Conj/Fire      #.........   100%        5    ######.
 Conjure Flame            Conj/Fire      #.......     100%        3    ####...
 Lightning Bolt           Conj/Air       #.........   100%        5    ######.
 Confuse                  Hex            #.......     100%        3    ####...
 Throw Flame              Conj/Fire      #.....       99%         2    ###....
 Mephitic Cloud           Conj/Pois/Air  #.......     100%        3    ####...
 Venom Bolt               Conj/Pois      #.........   100%        5    ######.
 Olgreb's Toxic Radiance  Pois           #.......     100%        4    #####..
 Sticky Flame             Conj/Fire      #.......     100%        4    #####..
 Regeneration             Chrm/Necr      #.........   100%        3    ####...
 Sting                    Conj/Pois      #...         97%         1    ##.....
 Tukima's Dance           Hex            #.......     100%        3    ####...
 Stone Arrow              Conj/Erth      #.....       100%        3    ####...
 Spider Form              Tmut/Pois      #.........   100%        3    ####...
 Blade Hands              Tmut           #.........   100%        5    ######.
 Statue Form              Tmut/Erth      #........    100%        6    #######
 Ice Form                 Ice/Tmut       #.......     100%        4    #####..
 Confusing Touch          Hex            #.....       97%         1    ##.....
 Flame Tongue             Conj/Fire      #....        97%         1    ##.....
 Sticks to Snakes         Tmut           #.......     99%         2    ###....
 Ensorcelled Hibernation  Hex/Ice        #.....       99%         2    ###....
 Metabolic Englaciation   Hex/Ice        #.........   100%        5    ######.
 Shatter                  Erth           #.........   100%        9    #######
 Static Discharge         Conj/Air       #.......     100%        3    ####...
 Corona                   Hex            #......      97%         1    ##.....
 Sandblast                Erth           #.....       97%         1    ##.....
 Petrify                  Tmut/Erth      #.......     100%        4    #####..
 Tornado                  Air            #.........   100%        9    #######
 Leda's Liquefaction      Hex/Erth       #.........   100%        4    #####..
 Shroud of Golubria       Chrm/Tloc      #.........   99%         2    ###....
 Inner Flame              Hex/Fire       #.......     100%        3    ####...
 Beastly Appendage        Tmut           #.....       97%         1    ##.....
 Dazzling Spray           Conj/Hex       #.....       100%        3    ####...
 Infusion                 Chrm           #...         97%         1    ##.....
 Song of Slaying          Chrm           #.......     99%         2    ###....
 Spectral Weapon          Hex/Chrm       #.......     100%        3    ####...
 Gell's Gravitas          Tloc           #.........   100%        3    ####...
 Yara's Violent Unravell  Hex/Tmut       #.........   100%        5    ######.
 Poisonous Vapours        Pois/Air       #.....       99%         2    ###....
 Ignition                 Fire           #.........   100%        8    #######
 Borgnjor's Vile Clutch   Necr/Erth      #.........   100%        5    ######.


Dungeon Overview and Level Annotations

Branches:
Dungeon (15/15)            Temple (1/1) D:6            Lair (6/6) D:9
 Shoals (0/4) Lair:3       Spider (3/4) Lair:2        Slime (0/5) Lair:6
    Orc (0/2) D:11         Vaults (0/5) D:14         Depths (0/5) D:15

Altars:
Ashenzari
Cheibriados
Dithmenos
Elyvilon
Fedhas
Gozag
Hepliaklqana
Kikubaaqudgha
Makhleb
Nemelex Xobeh
Okawaru
Qazlal
Ru
Sif Muna
Trog
Uskayaw
Vehumet
Wu Jian
Xom
Yredelemnul
Zin
The Shining One
Beogh

Shops:
D:11 *   D:15 (:(=[

Annotations:
D:12 exclusion: downstairs
Spider:2 Agnes


Innate Abilities, Weirdness & Mutations

You are resistant to damage.
You can heal yourself by infusing magical energy.
You resist negative energy. (rN+)
You passively map the area around you.
You do not regenerate.
You have a pair of small horns on your head.
You can translocate small distances at will.
You are clumsy. (Dex -2)
You are frail. (-10% HP)
Your muscles are strong. (Str +2)
Your spells are a little easier to cast, but a little less powerful.


Message History

The emperor scorpion closely misses you.
The emperor scorpion barely misses you.
The emperor scorpion claws you but does no damage.
You hit the emperor scorpion. You burn the emperor scorpion.
The emperor scorpion is severely wounded.
You feel very sick.
The emperor scorpion's inner flame fades away.
The emperor scorpion stings you but does no damage.
The emperor scorpion claws you.
* * * LOW HITPOINT WARNING * * *
The emperor scorpion misses you.
You hit the emperor scorpion but do no damage.
The emperor scorpion is severely wounded.
You feel sick. The emperor scorpion stings you!
* * * LOW HITPOINT WARNING * * *
You are lethally poisoned!
The emperor scorpion poisons you! The emperor scorpion barely misses you.
The emperor scorpion claws you but does no damage.
The emperor scorpion stings you!
You die...

#.#.^†..#.##,,,
##..?.†#....#*,, * , ,
.## ##...........#* ,,
* ...###........#.%.##
,,, *
...(...#..#..†....%##
....^#.....%..#....##**
,
##.#^.....#.#........#*
*
#.#.#..^.....†.s#...##
, *
........#.#....†@..##
,, ...#.#.......#...###
, , ........#†..<#...#
,, , ..##..#.>#..†...##
, *#...#..#...#.#*
*,,#.#..#.#....##* , *,
#..##.......## * ,
#......#.#...## *
..#....##..%....# ,


You could see an emperor scorpion.

Vanquished Creatures
  Arachne (Spider:2)
  Roxanne (Spider:1)
  Kirke (Lair:5)
  An emperor scorpion (Spider:1)
  Aizul (Spider:3)
  4 entropy weavers
  The ghost of Dittersdorf the Fighter, a journeyman MiBe of Trog (D:15)
  Snorg (D:12)
  Josephine (D:14)
  A great orb of eyes (D:15)
  5 hydras
  A catoblepas (Lair:6)
  A centaur warrior (D:14)
  A death knight (D:12)
  A deep troll shaman (Lair:6)
  A tengu warrior (D:15)
  6 death yaks (Lair:6)
  Urug (Lair:5)
  An unseen horror (D:15)
  2 swamp dragons (shapeshifter)
  A lindwurm (Lair:6)
  A phantasmal warrior (D:12)
  2 deep elf magi
  20 orb spiders
  A necromancer (D:14)
  A manticore (D:15)
  6 ugly things (D:15)
  19 wolf spiders
  A centaur zombie (D:12)
  2 cyclopes
  5 elephants
  5 black mambas
  A naga mage (D:15)
  6 spiny frogs
  3 gargoyles
  A torpor snail (Spider:2)
  7 demonic crawlers
  2 rime drakes
  A kobold demonologist (D:14)
  A tengu conjurer (D:15)
  An efreet (D:13)
  2 freezing wraiths (D:12)
  4 komodo dragons
  21 jumping spiders
  A polar bear (Lair:6)
  6 blink frogs
  5 trolls
  Prince Ribbit (D:5)
  9 hippogriffs
  2 hornets
  5 slime creatures
  5 dream sheep (Lair:6)
  5 wraiths
  14 tarantellas
  50 redbacks
  34 yaks
  A vampire (D:14)
  2 wyverns
  2 shadows
  A hog (Lair:5)
  3 basilisks
  5 vampire mosquitoes
  3 hungry ghosts
  9 water moccasins
  4 porcupines
  4 ice beasts
  9 orc warriors
  The ghost of popps the Cudgeler, an amateur TrBe of Trog (D:3)
  5 sky beasts
  A black bear (Lair:6)
  3 eyes of draining (D:15)
  2 necrophages
  A hornet zombie (D:15)
  2 ogres
  13 wolves
  16 centaurs
  13 crocodiles
  5 big kobolds
  A gnoll sergeant (D:11)
  15 bullfrogs
  16 scorpions
  A water moccasin skeleton (D:7)
  3 killer bees (D:7)
  6 howler monkeys
  4 crimson imps
  A bullfrog zombie (D:13)
  A quasit (D:7)
  9 hounds
  5 orc priests
  15 orc wizards
  Crazy Yiuf (D:7)
  10 jellies
  A bullfrog skeleton (D:6)
  4 centaur skeletons
  Jessica (D:6)
  4 iguanas
  10 worker ants
  A worker ant zombie (D:5)
  10 gnolls
  16 adders
  2 howler monkey skeletons (D:7)
  2 shadow imps
  6 oozes
  2 adder skeletons
  4 worms
  2 dart slugs (D:3)
  9 leopard geckos
  46 orcs
  7 giant cockroaches
  6 hobgoblins
  3 jackals (D:7)
  17 kobolds
  3 quokkas
  2 ball pythons (D:4)
  6 bats
  2 frilled lizards
  8 goblins
  A jackal skeleton (D:7)
  12 rats
  2 butterflies (Lair:5)
  A fungus (Lair:2)
  8 plants
675 creatures vanquished.

Vanquished Creatures (collateral kills)
  Agnes (Spider:2)
  An entropy weaver (Spider:2)
  The ghost of Nefuv the Blocker, a journeyman MiBe of Trog (Lair:3)
  A two-headed ogre (D:12)
  A wolf spider (Spider:3)
  An ugly thing (D:12)
  An oklob plant (Lair:1)
  A moth of wrath (Spider:2)
  3 elephants (Lair:3)
  A centaur skeleton (D:12)
  A komodo dragon (Lair:2)
  A demonic crawler (Spider:2)
  2 jumping spiders
  3 slime creatures (D:12)
  4 blink frogs (Lair:1)
  A hippogriff (D:12)
  2 redbacks (Spider:3)
  A tarantella (Spider:2)
  A vampire (D:12)
  4 vampire mosquitoes
  An orc warrior (D:12)
  A sky beast (D:12)
  4 wolves (Lair:2)
  2 crocodiles
  2 scorpions (Spider:3)
  A centaur zombie (D:12)
  An orc priest (D:12)
  2 kobolds (D:12)
  A fungus (Lair:3)
47 creatures vanquished.

Vanquished Creatures (others)
  A jumping spider (Spider:2)
  2 orcs (D:13)
  A bush (Lair:6)
  7 fungi
  7 plants
18 creatures vanquished.

Grand Total: 740 creatures vanquished

Notes
Turn   | Place    | Note
-------+----------+-------------------------------------------
     0 | D:1      | zishaf the Deep Dwarf Fighter began the quest for the Orb.
     0 | D:1      | Reached XP level 1. HP: 20/20 MP: 1/1
   691 | D:1      | Reached XP level 2. HP: 27/27 MP: 2/2
  1088 | D:2      | Reached XP level 3. HP: 32/34 MP: 3/3
  1418 | D:2      | Reached XP level 4. HP: 20/42 MP: 4/4
  1429 | D:2      | Reached skill level 4 in Shields
  1563 | D:2      | Found a blossoming altar of Fedhas.
  2001 | D:3      | Noticed popps's ghost (amateur TrBe)
  2003 | D:3      | Found a runed gate.
  2003 | D:3      | Found a runed gate.
  2003 | D:3      | Found a runed gate.
  2050 | D:3      | Reached XP level 5. HP: 45/49 MP: 5/5
  2323 | D:3      | Found a basalt altar of Yredelemnul.
  2427 | D:3      | Found a roughly hewn altar of Beogh.
  2644 | D:4      | Reached XP level 6. HP: 31/57 MP: 6/6
  2754 | D:4      | Found an opulent altar of Gozag.
  2794 | D:4      | Reached skill level 5 in Armour
  2820 | D:4      | Reached skill level 5 in Shields
  2955 | D:4      | Reached skill level 1 in Dodging
  2955 | D:4      | Reached XP level 7. HP: 56/64 MP: 7/7
  3097 | D:4      | Found a glowing golden altar of the Shining One.
  3284 | D:5      | Entered Level 5 of the Dungeon
  3316 | D:5      | Reached skill level 5 in Axes
  3449 | D:5      | Noticed Prince Ribbit
  3474 | D:5      | Killed Prince Ribbit
  3474 | D:5      | Reached skill level 5 in Fighting
  3474 | D:5      | Reached XP level 8. HP: 14/74 MP: 7/7
  3537 | D:5      | Found a shadowy altar of Dithmenos.
  3589 | D:5      | Found a blossoming altar of Fedhas.
  4073 | D:6      | Found a stormy altar of Qazlal.
  4096 | D:6      | Found a radiant altar of Vehumet.
  4163 | D:6      | Noticed an air elemental
  4219 | D:6      | Found a staircase to the Ecumenical Temple.
  4230 | Temple   | Entered the Ecumenical Temple
  4290 | Temple   | Became a worshipper of Makhleb the Destroyer
  4659 | D:6      | Found a glowing silver altar of Zin.
  4904 | D:6      | Found an iron altar of Okawaru.
  4905 | D:6      | Found a hide-covered altar of Uskayaw.
  4931 | D:6      | Found a shattered altar of Ashenzari.
  5164 | D:6      | Noticed Jessica
  5167 | D:6      | Killed Jessica
  5173 | D:6      | Found a deep blue altar of Sif Muna.
  5243 | D:6      | Found a sacrificial altar of Ru.
  5647 | D:7      | Gained mutation: You passively map the area around you. [Deep Dwarf growth]
  5647 | D:7      | Reached XP level 9. HP: 49/81 MP: 7/7
  6314 | D:7      | Found a runed door.
  6320 | D:7      | Noticed Crazy Yiuf
  6325 | D:7      | Killed Crazy Yiuf
  6665 | D:8      | Reached * piety under Makhleb
  7510 | D:9      | Reached XP level 10. HP: 72/94 MP: 6/6
  7661 | D:9      | Found a staircase to the Lair.
  7792 | D:9      | Reached skill level 1 in Invocations
  7845 | D:9      | Reached skill level 1 in Evocations
  8021 | D:10     | Entered Level 10 of the Dungeon
  8405 | D:10     | Reached ** piety under Makhleb
  8536 | D:10     | Reached skill level 6 in Shields
  9059 | D:3      | Killed popps's ghost
  9353 | D:11     | Found Usihuor's General Store.
  9799 | D:11     | Reached skill level 7 in Shields
  9834 | D:11     | Got a crude leather armour
  9865 | D:11     | Identified the +3 leather armour of the King of the Hill {*Slow +Blink rElec MP+9} (You found it on level 11 of the Dungeon)
 10096 | D:11     | Found a staircase to the Orcish Mines.
 10388 | D:11     | Reached *** piety under Makhleb
 10538 | D:11     | Reached skill level 8 in Shields
 10538 | D:11     | Reached skill level 5 in Invocations
 10634 | D:12     | Reached XP level 11. HP: 100/104 MP: 10/10
 10674 | D:12     | Noticed a red ugly thing
 10675 | D:12     | Noticed a two-headed ogre
 10685 | D:12     | Killed a red ugly thing
 10706 | D:12     | Killed a two-headed ogre
 10784 | D:12     | Reached skill level 9 in Shields
 10860 | D:12     | Noticed Snorg
 10889 | D:12     | Killed Snorg
 10967 | D:12     | Found a bloodstained altar of Trog.
 11014 | D:12     | Noticed a death knight
 11014 | D:12     | Noticed a phantasmal warrior
 11136 | Lair:1   | Entered Level 1 of the Lair of Beasts
 11278 | Lair:1   | Noticed an oklob plant
 11532 | Lair:1   | Reached skill level 1 in Crossbows
 11532 | Lair:1   | Reached skill level 10 in Shields
 11926 | Lair:1   | Killed an oklob plant
 12191 | Lair:2   | Found a hole to the Spider Nest.
 12271 | Lair:2   | Reached skill level 11 in Shields
 12430 | Lair:2   | Got a bloodstained hunting sling
 12431 | Lair:2   | Identified the cursed +2 hunting sling "Killer Klown's Doom" {velocity, rPois} (You found it on level 2 of the Lair of Beasts)
 12978 | Lair:3   | Reached XP level 12. HP: 56/114 MP: 11/11
 13300 | Lair:3   | Reached skill level 5 in Crossbows
 13358 | Lair:3   | Reached skill level 12 in Shields
 13367 | Lair:3   | Found a staircase to the Shoals.
 13450 | Lair:3   | Found a runed door.
 13451 | Lair:3   | Noticed Nefuv's ghost (journeyman MiBe)
 13452 | Lair:3   | Found the +7 great mace "Firestarter" {inner flame, rF++}
 13529 | Lair:3   | Killed Nefuv's ghost
 13533 | Lair:3   | Noticed a seven-headed hydra
 13587 | Lair:3   | Noticed a four-headed hydra
 13597 | Lair:3   | Killed a four-headed hydra
 14285 | Lair:4   | Noticed a seven-headed hydra
 14305 | Lair:4   | Killed a seven-headed hydra
 14305 | Lair:4   | Reached skill level 1 in Maces & Flails
 14395 | Lair:4   | Got a jewelled falchion
 14436 | Lair:4   | Identified the +6 falchion "Soank" {chaos, Int+7} (You found it on level 4 of the Lair of Beasts)
 14816 | Lair:5   | Reached skill level 13 in Shields
 14980 | Lair:5   | Noticed a five-headed hydra
 14994 | Lair:5   | Killed a five-headed hydra
 15314 | Lair:5   | Noticed Urug
 15352 | Lair:5   | HP: 2/114 [Urug/scimitar of distortion (12)]
 15365 | Lair:5   | Reached **** piety under Makhleb
 15445 | Lair:5   | Killed Urug
 15556 | Lair:5   | Noticed Kirke
 15566 | Lair:5   | Killed Kirke
 15566 | Lair:5   | Reached XP level 13. HP: 121/121 MP: 9/9
 15985 | Lair:6   | Entered Level 6 of the Lair of Beasts
 16065 | Lair:6   | Found a staircase to the Slime Pits.
 16156 | Lair:6   | Reached skill level 14 in Shields
 16275 | Lair:6   | Reached skill level 5 in Maces & Flails
 16678 | Lair:6   | Got a slimy trident
 16679 | Lair:6   | Identified the cursed +0 trident "Toijoigi" {venom, rElec rF++ rC+} (You found it on level 6 of the Lair of Beasts)
 16821 | Lair:6   | Reached skill level 10 in Invocations
 16826 | Lair:6   | Reached ***** piety under Makhleb
 16885 | Lair:6   | Gained mutation: You have an increased reservoir of magic. (+10% MP) [potion of mutation]
 16885 | Lair:6   | Gained mutation: You are weak. (Str -2) [potion of mutation]
 16885 | Lair:6   | Gained mutation: Your system is resistant to poisons. (rPois) [potion of mutation]
 18102 | D:13     | Noticed a green death
 18125 | D:13     | Lost mutation: You have an increased reservoir of magic. (+10% MP) [potion of mutation]
 18125 | D:13     | Lost mutation: Your system is resistant to poisons. (rPois) [potion of mutation]
 18125 | D:13     | Lost mutation: You are weak. (Str -2) [potion of mutation]
 18125 | D:13     | Gained mutation: You have a pair of small horns on your head. [potion of mutation]
 18125 | D:13     | Gained mutation: You can translocate small distances at will. [potion of mutation]
 18188 | D:13     | Reached skill level 10 in Crossbows
 18193 | D:13     | Gained mutation: You resist negative energy. (rN+) [Deep Dwarf growth]
 18193 | D:13     | Reached XP level 14. HP: 129/129 MP: 11/11
 19031 | D:14     | Found a gate to the Vaults.
 19121 | D:14     | Noticed Josephine
 19129 | D:14     | Killed Josephine
 19531 | D:15     | Entered Level 15 of the Dungeon
 19648 | D:15     | Found a staircase to the Depths.
 19651 | D:15     | Reached skill level 5 in Dodging
 19660 | D:15     | Reached skill level 5 in Evocations
 19701 | D:15     | Found Arha's Armour Shop.
 19725 | D:15     | Reached skill level 10 in Fighting
 20073 | D:15     | Found a runed door.
 20077 | D:15     | Noticed Dittersdorf's ghost (journeyman MiBe)
 20087 | D:15     | Killed Dittersdorf's ghost
 20087 | D:15     | Reached skill level 10 in Armour
 20181 | D:15     | Found Rietismi's Weapon Shop.
 20288 | D:15     | Found Bawi's Weapon Shop.
 20331 | D:15     | Found Beuptahaat's Book Boutique.
 20399 | D:15     | Found Xaroppu's Jewellery Emporium.
 20708 | Spider:1 | Entered Level 1 of the Spider Nest
 20900 | Spider:1 | Noticed an emperor scorpion
 20914 | Spider:1 | Killed an emperor scorpion
 21351 | Spider:1 | Noticed Roxanne
 21486 | Spider:1 | Got a crude hand axe
 21487 | Spider:1 | Identified the cursed +3 hand axe "Jeuneuskeme" {chop, rElec rPois Int+5 Dex-3} (You found it on level 1 of the Spider Nest)
 21668 | Spider:1 | Reached ****** piety under Makhleb
 21668 | Spider:1 | Reached XP level 15. HP: 90/141 MP: 10/10
 22022 | Spider:1 | Killed Roxanne
 22024 | Spider:1 | Identified Roxanne's Catalogue of Earth (You took it off Roxanne on level 1 of the Spider Nest)
 22165 | Spider:2 | Noticed Arachne
 22196 | Spider:2 | Noticed Agnes
 22270 | Spider:2 | Killed Arachne
 22287 | Spider:2 | Killed Agnes
 23585 | Spider:3 | Noticed Aizul
 23836 | Spider:3 | Killed Aizul
 23851 | Spider:3 | Gained mutation: You are frail. (-10% HP) [a cacodemon]
 23854 | Spider:3 | Gained mutation: You are clumsy. (Dex -2) [a cacodemon]
 23864 | Spider:3 | Gained mutation: Your muscles are strong. (Str +2) [a cacodemon]
 23865 | Spider:3 | Gained mutation: Your spells are a little easier to cast, but a little less powerful. [a cacodemon]
 24329 | Spider:3 | HP: 4/132 [emperor scorpion (11)]
 24338 | Spider:3 | Slain by an emperor scorpion

Vault maps used:
D:1:      lightli_arrival_quake
D:2:      first_ration, fedhas_altar_1
D:3:      lemuel_crystal_altar, biasface_ghost_orc_armoury
D:4:      nicolae_gozag_cash_rules_everything_around_me,
          nicolae_overflow_hidden_temple
D:5:      lemuel_doored_altar, grunt_dithmenos_smoke_and_mirrors,
          uniq_prince_ribbit1
D:6:      nicolae_ru_path_of_blood, kennysheep_little_box,
          nicolae_qazlal_style_of_elements, vehumet_altar_wand_db, tgw_sif,
          cheibrodos_ashenzari_chains, gammafunk_temple_overflow_statue,
          temple_statues
D:7:      minmay_curled_crystal, uniq_crazy_yiuf_cottage
D:9:      lair_entry_dummy
D:11:     kennysheep_orc_monster_closet_entryway, serial_shops,
          nicolae_shop_statue_plus, hangedman_little_slice_of_home
D:12:     bloody_trog, uniq_snorg
D:14:     david_vaults_1, minmay_crystal_water, uniq_josephine
D:15:     hangedman_depths_entry_try_elsewhere_first, serial_shops, shop, shop,
          shop, nicolae_shop_crystal, shop, gammafunk_ghost_grave,
          minmay_misc_feat_more_columns, st_stairs_12, serial_park_tiny_pond,
          due_unseen_surprise
Temple:   compressed_dpeg_triangle_lava_temple
Lair:1:   serial_bayou_shore_b, minmay_lair_oklob_chamber
Lair:2:   spider_nest_entry_webs, grunt_megastairs_3, serial_bayou_shore_b
Lair:3:   minmay_shoals_entry_centaurs, gammafunk_ghost_grave,
          lemuel_fruit_tree, serial_bayou_shore_b
Lair:5:   lemuel_fruit_fields, grunt_megastairs_5, uniq_urug, uniq_kirke
Lair:6:   grunt_lair_end_beastmaster, dpeg_slime_entry_corner,
          grunt_megastairs_1
Spider:1: uniq_roxanne
Spider:2: uniq_agnes, uniq_arachne
Spider:3: spiders_nest_a, nicolae_spider_circle_web, spider_trap, uniq_aizul

Skill      XL: |  1  2  3  4  5  6  7  8  9 10 11 12 13 14 15 |
---------------+----------------------------------------------+-----
Fighting       | 3 4 5 6 7 8 9 11 13 | 13.0
Axes           | 3 4 5 7 8 9 |  9.0
Armour         | 4 5 6 7 9 10 11 | 11.0
Shields        | 4 5 8 11 13 14 | 14.0
Dodging        | 1 3 4 6 7 |  7.0
Invocations    | 5 8 11 12 | 12.0
Evocations     | 4 7 9 |  9.0
Crossbows      | 3 7 10 | 10.4
Maces & Flails | 4 7 9 |  9.4

Action                   |  1- 3 |  4- 6 |  7- 9 | 10-12 | 13-15 || total
-------------------------+-------+-------+-------+-------+-------++-------
Melee: War axe           |    92 |   187 |   530 |   785 |       ||  1594
       Great mace        |       |       |       |   108 |   856 ||   964
       Headbutt          |       |       |       |       |   137 ||   137
 Fire: Hunting sling     |    17 |    52 |     3 |       |       ||    72
       Hand crossbow     |       |       |       |    64 |    78 ||   142
Throw: Javelin           |    12 |     2 |    62 |    89 |       ||   165
       Tomahawk          |       |     3 |       |       |       ||     3
Invok: Minor Destruction |       |       |       |    12 |     4 ||    16
       Lesser Servant of |       |       |       |    18 |     1 ||    19
       Greater Servant o |       |       |       |       |     5 ||     5
       Major Destruction |       |       |       |       |     2 ||     2
 Abil: Heal Wounds       |       |     4 |    11 |    24 |    42 ||    81
Evoke: Phial of floods   |       |       |       |     1 |     3 ||     4
       Lamp of fire      |       |       |       |     1 |     2 ||     3
       Phantom mirror    |       |       |       |       |     1 ||     1
  Use: Scroll            |       |       |     1 |    24 |     9 ||    34
       Potion            |       |       |       |       |     4 ||     4
 Stab: Distracted        |       |       |       |     6 |     3 ||     9
  Eat: Chunk             |     2 |     5 |    12 |    26 |    23 ||    68
       Ration            |       |       |     1 |     4 |     2 ||     7
Armor: Scale mail        |    45 |    80 |    46 |       |       ||   171
       Plate armour      |       |       |   203 |   643 |  1177 ||  2023
Dodge: Dodged            |    26 |    48 |    90 |   228 |   680 ||  1072
       Deflected         |       |       |       |       |    37 ||    37
Block: Shield            |    47 |   107 |    29 |    87 |       ||   270
       Large shield      |       |       |   380 |   627 |       ||  1007

Table legend:
 A = Spawn XP
 B = Non-spawn XP
 C = Spawn XP percentage of total XP
 D = Spawn monster count
 E = Non-spawn monster count
 F = Spawn count percentage of total count
 G = Total turns spent on level
                    A         B        C        D         E        F      G
               +---------+---------+-------+---------+---------+-------+---------
         Total |       0 |  150895 |   0.0 |       0 |     710 |   0.0 | 24338
               +---------+---------+-------+---------+---------+-------+---------
           D:1 |       0 |      18 |   0.0 |       0 |      13 |   0.0 |   940
           D:2 |       0 |     106 |   0.0 |       0 |      22 |   0.0 |   750
           D:3 |       0 |     297 |   0.0 |       0 |      35 |   0.0 |   907
           D:4 |       0 |     711 |   0.0 |       0 |      26 |   0.0 |   929
           D:5 |       0 |     817 |   0.0 |       0 |      14 |   0.0 |   765
           D:6 |       0 |     478 |   0.0 |       0 |      17 |   0.0 |  1049
           D:7 |       0 |    1191 |   0.0 |       0 |      30 |   0.0 |  1056
           D:8 |       0 |     647 |   0.0 |       0 |      23 |   0.0 |   864
           D:9 |       0 |    2276 |   0.0 |       0 |      19 |   0.0 |   946
          D:10 |       0 |    1138 |   0.0 |       0 |       8 |   0.0 |   955
          D:11 |       0 |    3029 |   0.0 |       0 |      55 |   0.0 |  1335
          D:12 |       0 |    6973 |   0.0 |       0 |      42 |   0.0 |  1047
          D:13 |       0 |    5676 |   0.0 |       0 |      29 |   0.0 |   693
          D:14 |       0 |    7130 |   0.0 |       0 |      30 |   0.0 |   819
          D:15 |       0 |   12731 |   0.0 |       0 |      30 |   0.0 |  1001
        Lair:1 |       0 |    2126 |   0.0 |       0 |      10 |   0.0 |   885
        Lair:2 |       0 |    4117 |   0.0 |       0 |      22 |   0.0 |  1036
        Lair:3 |       0 |    5266 |   0.0 |       0 |      19 |   0.0 |  1292
        Lair:4 |       0 |    4177 |   0.0 |       0 |      17 |   0.0 |   568
        Lair:5 |       0 |    8782 |   0.0 |       0 |      27 |   0.0 |  1204
        Lair:6 |       0 |   19948 |   0.0 |       0 |      57 |   0.0 |  1329
      Spider:1 |       0 |   16549 |   0.0 |       0 |      38 |   0.0 |  1402
      Spider:2 |       0 |   26631 |   0.0 |       0 |      58 |   0.0 |  1789
      Spider:3 |       0 |   20081 |   0.0 |       0 |      69 |   0.0 |   439
               +---------+---------+-------+---------+---------+-------+---------
